 Dungeon Crawl Stone Soup version 0.18-b1-10-g3f7de93 (webtiles) character file.

553577 inmateoo the Ninja (level 25, 0/172 HPs)
             Began as a Vampire Enchanter on Apr 29, 2016.
             Was the Champion of Okawaru.
             Slain by an Orb Guardian (32 damage)
             ... on level 5 of the Realm of Zot.
             The game lasted 04:48:29 (71110 turns).

inmateoo the Ninja (Vampire Enchanter)             Turns: 71110, Time: 04:48:29

Health: 0/172      AC: 15    Str: 16    XL:     25   Next: 12%
Magic:  30/36      EV: 28    Int: 23    God:    Okawaru [******]
Gold:   2447       SH: 10    Dex: 29    Spells: 15 memorised, 4 levels left

rFire  + + +     SeeInvis +     Y - +9 demon blade (drain)
rCold  + . .     Gourm    .     R - +1 leather armour of Leaves {Regen+ Dex+6 SInv}
rNeg   . . .     Faith    .     G - +2 buckler {rC+ rF+}
rPois  .         Spirit   .     g - +2 hat {MR+}
rElec  +         Dismiss  .     x - +2 cloak
rCorr  +         Reflect  .     p - +0 pair of gloves "Baddaosm" {rF+ Regen+ Str+4}
SustAt .         Harm     .     i - +5 pair of boots "Etijyjof" {rF+ rCorr MP-9 SInv}
MR     +++++     Clarity  +     Z - amulet of regeneration
Stlth  ++++......               V - ring "Wokurilu" {rElec rF+ MR+ MP+9 EV-3}
                                z - ring "Ymouq" {rElec MR+ Slay+3}

@: mighty, about to teleport, very slightly contaminated, regenerating, deflect
missiles, almost entirely resistant to hostile enchantments, stealthy
A: fangs 3, hooves 2, see invisible, berserk 1, clarity, clever 1, deformed
body, frail 1, low mp 1, sense surroundings 1, wild magic 1, unbreathing,
MP-powered wands
a: Heroism, Finesse, Renounce Religion
0: Orb of Zot
}: 3/15 runes: decaying, abyssal, gossamer


You were on level 5 of the Realm of Zot.
You worshipped Okawaru.
Okawaru was exalted by your worship.
You were full.

You visited 9 branches of the dungeon, and saw 50 of its levels.
You visited the Abyss 1 time.
You also visited: Labyrinth.

You collected 6877 gold pieces.
You spent 4430 gold pieces at shops.

Inventory:

Hand Weapons
 d - the +8 double sword "Raisin" {freeze, MR+ Str-5 Int+4}
   (Okawaru gifted it to you on level 2 of the Realm of Zot)

   It has been specially enchanted to freeze those struck by it, causing extra
   injury to most foes and up to half again as much damage against particularly
   susceptible opponents.
   It can also slow down cold-blooded creatures.
   It affects your strength (-5).
   It affects your intelligence (+4).
   It affects your resistance to hostile enchantments.
 r - a +6 quick blade
 F - the +7 double sword of Okawaru's Hope {flame, Int+7}
   (Okawaru gifted it to you on level 2 of the Vaults)

   It has been specially enchanted to burn those struck by it, causing extra
   injury to most foes and up to half again as much damage against particularly
   susceptible opponents.
   Big, fiery blades are also staple armaments of hydra-hunters.
   It affects your intelligence (+7).
 W - a +7 blowgun
 Y - a +9 demon blade of draining (weapon)
Missiles
 j - 10 needles of sleeping
 t - 8 needles of paralysis
 N - 11 needles of confusion
 S - 18 curare-tipped needles
 U - a throwing net (quivered)
Armour
 g - a +2 hat of magic resistance (worn)
 i - the +5 pair of boots "Etijyjof" (worn) {rF+ rCorr MP-9 SInv}
   (Okawaru gifted it to you on level 5 of the Realm of Zot)

   It protects you from fire.
   It affects your magic capacity (-9).
   It lets you see invisible.
   It protects you from acid and corrosion.
 p - the +0 pair of gloves "Baddaosm" (worn) {rF+ Regen+ Str+4}
   (Okawaru gifted it to you on level 8 of the Dungeon)

   It affects your strength (+4).
   It protects you from fire.
   It increases your rate of regeneration.
 x - a +2 cloak (worn)
 G - a +2 buckler of resistance (worn)
 R - the +1 leather armour of Leaves (worn) {Regen+ Dex+6 SInv}
   (You bought it in a shop on level 2 of the Orcish Mines)

   It affects your dexterity (+6).
   It lets you see invisible.
   It increases your rate of regeneration.
Rods
 L - a +3 rod of clouds (17/17)
   (You took it off a minotaur in a labyrinth)
Jewellery
 k - the ring "Buol" {rN+ MR+ Int+3 Dex+7 Slay+2}
   (You found it on level 3 of the Elven Halls)

   [ring of positive energy]

   It affects your intelligence (+3).
   It affects your dexterity (+7).
   It affects your accuracy and damage with ranged weapons and melee attacks
   (+2).
   It protects you from negative energy.
   It affects your resistance to hostile enchantments.
 n - the ring of the Invisible Hand {rElec rF+ rC+ MP+9 Int-5}
   (You bought it in a shop on level 2 of the Orcish Mines)

   [ring of protection from fire]

   It affects your intelligence (-5).
   It protects you from fire.
   It protects you from cold.
   It insulates you from electricity.
   It affects your magic capacity (+9).
 w - an uncursed ring of poison resistance
 z - the ring "Ymouq" (left hand) {rElec MR+ Slay+3}
   (You took it off a deep elf sorcerer on level 3 of the Elven Halls)

   [ring of protection from magic]

   It affects your accuracy and damage with ranged weapons and melee attacks
   (+3).
   It insulates you from electricity.
   It affects your resistance to hostile enchantments.
 T - an uncursed ring of wizardry
 V - the ring "Wokurilu" (right hand) {rElec rF+ MR+ MP+9 EV-3}
   (You bought it in a shop on level 2 of the Orcish Mines)

   [ring of evasion]

   It affects your evasion (-3).
   It protects you from fire.
   It insulates you from electricity.
   It affects your resistance to hostile enchantments.
   It affects your magic capacity (+9).
 Z - an amulet of regeneration (around neck)
Wands
 c - a wand of lightning (10/15)
 m - a wand of digging (8/24)
 A - a wand of disintegration (17/24)
 O - a wand of digging (12/24)
 P - a wand of heal wounds (1/9)
Scrolls
 b - 3 scrolls of teleportation
 f - a scroll of magic mapping
 o - a scroll of silence
 q - 10 scrolls of fog
 y - 7 scrolls of amnesia
 C - a scroll of blinking
 J - 4 scrolls of recharging
 M - 21 scrolls of remove curse
Potions
 a - 4 potions of magic
 e - a potion of might
 h - 4 potions of curing
 s - 4 potions of ambrosia
 u - 8 potions of cancellation
 v - a potion of cure mutation
 B - 12 potions of brilliance
 E - 4 potions of heal wounds
 H - 3 potions of flight
 I - 5 potions of agility
 K - a potion of resistance
 X - a potion of haste


   Skills:
 * Level 14.5 Fighting
 - Level 5.0(11.5) Short Blades
 + Level 14.5(14.7) Long Blades
 + Level 13.2 Throwing
 + Level 4.6 Armour
 + Level 15.7 Dodging
 O Level 27 Stealth
 - Level 6.6 Shields
 + Level 14.0 Spellcasting
 * Level 25.9 Hexes
 + Level 11.3 Charms
 + Level 6.4 Translocations
 + Level 6.5 Air Magic
 - Level 7.4 Invocations


You had 4 spell levels left.
You knew the following spells:

 Your Spells              Type           Power        Failure   Level  Hunger
a - Regeneration          Chrm/Necr      ######....   2%          3    None
b - Ensorcelled Hibernat  Hex/Ice        ######       1%          2    None
c - Confuse               Hex            ########     1%          3    None
d - Dazzling Spray        Conj/Hex       #######.     1%          3    None
e - Tukima's Dance        Hex            ########     1%          3    None
f - Apportation           Tloc           ######....   1%          1    None
g - Spectral Weapon       Hex/Chrm       #######.     1%          3    None
h - Deflect Missiles      Chrm/Air       ######....   28%         6    #####..
i - Song of Slaying       Chrm           ######..     1%          2    None
j - Shroud of Golubria    Chrm/Tloc      ######....   1%          2    None
k - Darkness              Hex            ########..   1%          6    #####..
l - Repel Missiles        Chrm/Air       ######       1%          2    None
m - Passage of Golubria   Tloc           N/A          6%          4    None
n - Blink                 Tloc           N/A          1%          2    None
o - Invisibility          Hex            ########     1%          6    #####..


Dungeon Overview and Level Annotations

Branches:
Dungeon (15/15)            Temple (0/1) D:7            Lair (8/8) D:10
  Swamp (4/4) Lair:6       Spider (4/4) Lair:3        Slime (0/6) Lair:8
    Orc (2/2) D:9             Elf (3/3) Orc:2        Vaults (4/5) D:13
  Crypt (0/3) Vaults:3     Depths (5/5) D:15            Zot (5/5) Depths:5

Altars:
Cheibriados
Gozag
Kikubaaqudgha
Makhleb
Nemelex Xobeh
Okawaru
Pakellas
Qazlal
Ru
Trog
Vehumet
Xom
Yredelemnul
Zin
The Shining One
Beogh
Jiyva

Shops:
D:5 :   D:6 %   D:8 (   Orc:2 =(*[   Elf:2 }   Vaults:2 [   Depths:1 *

Portals:
Hell: Depths:1 Depths:2 Depths:3 Depths:4 Depths:5
Abyss: Depths:1 Depths:3 Depths:4
Pandemonium: Depths:2 Depths:3
Ziggurat: Depths:1

Annotations:
D:13 Norris
D:15 exclusion: ice statue
Elf:2 3 runed doors


Innate Abilities, Weirdness & Mutations

Your natural rate of healing is unusually fast.
You have razor-sharp teeth.
You have supernaturally acute eyesight.
You can survive without breathing.
You have hoof-like feet.
You tend to lose your temper in combat.
You possess an exceptional clarity of mind.
Your mind is acute. (Int +2)
Armour fits poorly on your strangely shaped body.
You are frail (-10% HP).
Your magical capacity is low (-10% MP).
You passively map a small area around you.
Your spells are a little harder to cast, but a little more powerful.
You expend magic power (3 MP) to strengthen your wands.


Message History

As you read the scroll of blinking, it crumbles to dust.
The Orb Guardian barely misses you. You block the Killer Klown's attack.
Unknown command.
Unknown command.
You pick up the Orb of Zot!
The Orb lets out a hideous shriek!
You feel the Orb delaying your translocation!
The lords of Pandemonium are not amused.
Beware!
Now all you have to do is get back out of the dungeon!
You hear a roar! x5
The Orb Guardian hits you!!
* * * LOW HITPOINT WARNING * * *
You block the Orb Guardian's attack. The Orb Guardian completely misses you.
The Orb Guardian misses you.
You hear a roar!
The Orb Guardian hits you!
* * * LOW HITPOINT WARNING * * *
You block the Killer Klown's attack. The Orb Guardian closely misses you.
The Orb Guardian completely misses you. You block the Orb Guardian's attack.
The Orb Guardian hits you!!
You die...

***▓▓▓▓▓* #▓▓▓▓▓▓#▓ ,,,,****
****,,,, ,,,,,,,*** ***,,,,,,,
,,,,,,,,,** **,,,,,,,,,
,,,,,,,,,,* ▓▓▓▓▓▓▓▓▓ *,,,,,,,,,,
,,,,,,,,,,*▓▓.......▓▓*,,,,.,,,,,
,,,,,,,,,,▓▓.........▓▓,,...,,,,,
,,,,,,,,,.▓..?.X.XX...▓.....,,,,,
,,,,,,,,,......X@XXX........,,,,,
,,,,,,,,,.▓....XXp....▓.....,,,,,
,,,,,,,,,,▓▓.....X...▓▓,,..*,,,,,
,,,,,,,,,,*▓▓.......▓▓*,,,,.,,,,,
,,,,,,,,,,* ▓▓▓▓▓▓▓▓▓ *,,,,,,,,,,
,,,,,,,,,** **,,,,,,,,,
,,,,,,,*** ***,,,,,,, ,,,,****
****,,,, ***** *****


You could see a Killer Klown and 10 Orb Guardians.

Vanquished Creatures
  An orb of fire (Zot:5)
  Mennas (Vaults:2)
  A juggernaut (Depths:5)
  Frederick (Vaults:4)
  Boris (Depths:4)
  Margery (Depths:4)
  2 Killer Klowns (Zot:5)
  Saint Roka (Orc:2)
  2 caustic shrikes
  3 golden dragons
  Xtahua (Vaults:4)
  the Enchantress (Depths:4)
  Arachne (Spider:2)
  Nikola (Elf:3)
  A bone dragon (Depths:5)
  Jorgrun (Depths:1)
  3 liches
  Rupert (D:14)
  7 tentacled monstrosities
  Asterion (Elf:1)
  2 deep elf master archers (Elf:3)
  8 Orb Guardians (Zot:5)
  A deep elf blademaster (Elf:3)
  A quicksilver dragon (Depths:2)
  A tentacled starspawn (Abyss:4)
  Frances (Spider:2)
  The ghost of braveplatypus the Peltast, an adept OgFi of Trog (Spider:3)
  Agnes (Elf:1)
  2 shadow dragons
  2 tengu reavers
  Kirke (D:15)
  3 thorn hunters
  2 sphinxes
  3 death cobs
  2 storm dragons
  A revenant (Vaults:3)
  3 draconian monks
  2 draconian knights
  An iron dragon (Depths:1)
  9 fire giants
  6 ghost moths
  12 deep elf sorcerers
  6 frost giants
  An orc warlord (Depths:3)
  6 emperor scorpions
  2 vault wardens
  A draconian zealot (Zot:5)
  2 draconian shifters (Zot:5)
  Louise (D:15)
  2 draconian scorchers
  Aizul (Depths:3)
  6 deep elf elementalists (Elf:3)
  The ghost of namelastname112 the Carver, a journeyman DrBe of Trog (Depths:1)
  6 spriggan defenders
  14 ironheart preservers
  2 draconian annihilators
  14 stone giants
  21 very ugly things
  2 vampire knights
  7 deep elf demonologists (Elf:3)
  A black draconian (Depths:5)
  4 green draconians
  8 deep elf annihilators
  4 spark wasps
  A lorocyproca (Depths:5)
  3 white draconians
  6 deep elf death magi
  4 purple draconians
  Azrael (D:14)
  A red draconian (Zot:5)
  4 yellow draconians
  A mottled draconian (Zot:5)
  4 vault guards
  16 fire dragons
  Josephine (Lair:5)
  A green death (Depths:3)
  6 jiangshi
  A minotaur (Lab)
  2 merfolk javelineers
  11 great orbs of eyes
  12 entropy weavers
  8 ettins
  7 deep elf high priests (Elf:3)
  12 yaktaur captains
  22 ice dragons
  3 rakshasas
  22 hydras
  6 spriggan air magi
  A ghost crab (Swamp:3)
  A ghost crab (shapeshifter) (Depths:2)
  4 catoblepae
  6 alligators
  12 centaur warriors
  7 deep troll shamans
  A death knight (Vaults:1)
  13 ogre magi
  7 spriggan berserkers
  23 death yaks
  A queen ant (Lair:4)
  3 deep troll earth magi
  2 vampire magi
  6 tengu warriors
  A soul eater (Abyss:2)
  Urug (D:11)
  13 deep elf knights
  Nergalle (Lair:4)
  11 hell knights
  5 orc high priests
  7 iron trolls
  2 shadow wraiths
  3 unseen horrors
  7 skeletal warriors
  5 wizards
  A fire crab (Vaults:3)
  16 deep trolls
  A spatial maelstrom (Abyss:1)
  8 death scarabs (Spider:4)
  5 giant orange brains
  3 flayed ghosts
  A golden dragon zombie (Abyss:2)
  2 spriggan druids
  10 swamp dragons
  8 ironbrand convokers
  2 orange crystal statues
  2 wolf spider zombies (Spider:4)
  14 deep elf archers
  8 hill giants
  4 spectral wolf spiders (Spider:4)
  Pikel (D:7)
  15 orc knights
  A mana viper (Abyss:1)
  A mana viper (shapeshifter) (Depths:4)
  5 phantasmal warriors
  7 harpies
  7 necromancers
  9 orb spiders
  65 ugly things
  A salamander (shapeshifter) (Depths:3)
  9 orc sorcerers
  6 moths of wrath
  55 deep elf magi
  35 wolf spiders
  4 griffons
  12 hornets
  A stone giant zombie (Depths:2)
  4 manticores
  A sixfirhy (Depths:3)
  8 cyclopes
  A griffon (shapeshifter) (Depths:4)
  An iron dragon skeleton (Depths:2)
  16 elephants
  6 black mambas
  3 centaur zombies
  3 worldbinders
  5 oklob plants
  6 vault sentinels
  2 apocalypse crabs (Abyss:2)
  2 smoke demons (Abyss:1)
  A gargoyle (D:12)
  2 torpor snails
  3 centaur skeletons
  A water nymph (Abyss:4)
  12 spiny frogs
  9 demonic crawlers
  3 rime drakes
  35 yaktaurs
  2 efreet (D:15)
  2 kobold demonologists (D:12)
  4 spectral redbacks (Spider:4)
  8 freezing wraiths
  17 komodo dragons
  2 ancient zymes
  A hellwing (Depths:3)
  6 tengu conjurers
  An elf skeleton (Depths:2)
  2 queen bees (shapeshifter)
  38 jumping spiders
  4 polar bears
  9 trolls
  A tengu simulacrum (Vaults:3)
  2 spectral tarantellas (Spider:4)
  A shadow dragon simulacrum (Vaults:3)
  A two-headed ogre (shapeshifter) (Depths:5)
  27 two-headed ogres
  8 blink frogs
  A harpy skeleton (D:15)
  2 hornet zombies
  2 giant leeches
  2 raiju
  36 slime creatures
  9 spectral jumping spiders (Spider:4)
  4 boulder beetles
  4 bog bodies (Swamp:4)
  A raiju (shapeshifter) (Depths:3)
  5 large abominations
  9 dancing weapons
  5 air elementals
  4 shadows
  10 spriggans
  A ynoxinul (Abyss:1)
  An ettin skeleton (Abyss:1)
  87 redbacks
  32 tarantellas
  14 water elementals
  7 wraiths
  54 yaks
  A wyvern (D:12)
  4 fire elementals
  Eustachio (D:4)
  A basilisk (shapeshifter) (Vaults:2)
  A chaos spawn (Depths:3)
  A fire bat (shapeshifter) (Depths:4)
  2 basilisks
  5 hogs
  15 humans
  3 hungry ghosts (D:12)
  A golden eye (Abyss:1)
  32 vampire mosquitoes
  4 hippogriffs
  A mottled dragon (Vaults:2)
  A yaktaur simulacrum (Vaults:2)
  A neqoxec (Abyss:2)
  A tengu zombie (Depths:2)
  12 wargs
  3 insubstantial wisps (Swamp:4)
  14 swamp worms
  15 soldier ants (Lair:4)
  A giant eyeball (Depths:5)
  12 porcupines
  10 hell hounds
  A swamp drake (shapeshifter) (Depths:3)
  16 water moccasins
  2 necrophages
  4 sky beasts
  A starcursed mass (Abyss:2)
  12 swamp drakes
  14 wasps
  7 ice beasts
  A phantom (D:11)
  61 orc warriors
  2 slaves (D:7)
  2 black bears
  61 ogres
  7 small abominations
  2 eyes of draining
  9 boggarts
  5 wolves (Lair:5)
  24 centaurs
  26 crocodiles
  4 big kobolds
  23 giant frogs
  A wyvern zombie (D:6)
  A wyvern skeleton (D:12)
  A scorpion (shapeshifter) (D:14)
  3 scorpions
  An oklob sapling (D:11)
  14 wights
  A howler monkey (D:10)
  14 killer bees
  7 crimson imps
  2 giant frog zombies
  2 quasits
  10 hounds
  A jelly (D:7)
  42 orc priests
  36 orc wizards
  Jessica (D:2)
  12 iguanas
  12 worker ants
  43 sheep
  A mummy (D:10)
  4 worker ant zombies
  Robin (D:3)
  A howler monkey skeleton (D:4)
  67 river rats
  12 adders
  4 shadow imps
  4 white imps (D:15)
  2 ufetubi
  3 adder skeletons
  4 worms
  A dart slug (D:3)
  7 giant geckos
  137 orcs
  2 giant cockroaches
  20 goblins
  15 hobgoblins
  7 jackals
  24 kobolds
  4 quokkas
  7 ball pythons
  7 bats
  A giant gecko zombie (D:4)
  4 giant newts
  A jackal zombie (D:3)
  5 rats
  2 crawling corpses (Elf:3)
  A fulminant prism (Lair:3)
  5 fungi
  A lurking horror (Abyss:1)
  7 plants
2367 creatures vanquished.

Vanquished Creatures (collateral kills)
  A deep elf blademaster (Elf:3)
  2 frost giants (Vaults:2)
  A tengu reaver (Vaults:4)
  4 vault wardens
  Maud (D:12)
  2 fire giants
  2 orc warlords
  A deep elf elementalist (Elf:3)
  2 spriggan defenders
  An ironheart preserver (Vaults:4)
  A mottled draconian (Depths:5)
  A yellow draconian (Zot:5)
  A vault guard (Vaults:3)
  2 ettins
  A merfolk impaler (Depths:1)
  A yaktaur captain (Vaults:2)
  2 ogre magi
  3 death knights
  2 tengu warriors (Depths:5)
  2 hell knights
  A deep elf knight (Vaults:3)
  2 skeletal warriors (Vaults:2)
  4 hill giants
  2 ironbrand convokers (Vaults:2)
  4 orc knights
  2 deep elf magi (Elf:1)
  A vault sentinel (Vaults:3)
  3 yaktaurs (Vaults:2)
  A troll (Orc:1)
  A two-headed ogre (Vaults:2)
  10 orc warriors
  5 ogres
  A wight (D:10)
  2 orc priests (Orc:2)
  An iguana (Lair:5)
  2 orc wizards
  8 orcs
83 creatures vanquished.

Vanquished Creatures (others)
  2 deep elf death magi (Elf:3)
  An entropy weaver (Depths:5)
  An ogre mage (Depths:2)
  3 deep elf knights
  A jumping spider (Vaults:3)
  A two-headed ogre (shapeshifter) (Depths:5)
  A redback (Vaults:3)
  19 dancing weapons
  2 humans (D:15)
  2 ice beasts (D:15)
  2 centaurs
  3 howler monkeys (D:7)
  2 sheep (D:15)
  2 briar patches (Swamp:4)
  A bush (D:11)
  32 fulminant prisms
  19 fungi
  23 plants
  7 spectral weapons
  6 starspawn tentacles (Abyss:1)
  82 starspawn tentacle segments (Abyss:1)
212 creatures vanquished.

Grand Total: 2662 creatures vanquished

Notes
Turn   | Place    | Note
--------------------------------------------------------------
     0 | D:1      | inmateoo the Vampire Enchanter began the quest for the Orb.
     0 | D:1      | Reached XP level 1. HP: 13/13 MP: 3/3
   385 | D:1      | Reached XP level 2. HP: 12/19 MP: 5/5
   407 | D:1      | Learned a level 2 spell: Ensorcelled Hibernation
   503 | D:1      | Reached skill level 5 in Hexes
   891 | D:2      | Reached skill level 5 in Stealth
  1074 | D:2      | Noticed Jessica
  1079 | D:2      | Killed Jessica
  1079 | D:2      | Reached XP level 3. HP: 24/24 MP: 3/6
  1301 | D:2      | Reached XP level 4. HP: 30/30 MP: 2/7
  1909 | D:3      | Reached skill level 6 in Stealth
  1916 | D:3      | Noticed Robin
  1979 | D:3      | Found a stormy altar of Qazlal.
  2111 | D:4      | Learned a level 3 spell: Confuse
  2205 | D:4      | Found an iron altar of Okawaru.
  2206 | D:4      | Found an opulent altar of Gozag.
  2213 | D:4      | Became a worshipper of Warmaster Okawaru
  2307 | D:4      | Reached XP level 5. HP: 36/36 MP: 6/8
  2514 | D:4      | Noticed Eustachio
  2582 | D:4      | Killed Eustachio
  2582 | D:4      | Reached skill level 1 in Fighting
  2582 | D:4      | Reached skill level 1 in Long Blades
  2582 | D:4      | Reached XP level 6. HP: 32/43 MP: 3/9
  3031 | D:5      | Entered Level 5 of the Dungeon
  3072 | D:5      | Found a shimmering altar of Xom.
  3332 | D:5      | Reached * piety under Okawaru
  3332 | D:5      | Reached skill level 7 in Stealth
  3350 | D:5      | Reached XP level 7. HP: 28/49 MP: 3/11
  3950 | D:5      | Found Laestreurgh's Book Shoppe.
  4560 | D:6      | Reached skill level 8 in Stealth
  4828 | D:6      | Reached ** piety under Okawaru
  4828 | D:6      | Reached XP level 8. HP: 57/57 MP: 9/12
  4906 | D:6      | Found Imezuut's Food Shoppe.
  5208 | D:3      | Reached skill level 9 in Stealth
  5323 | D:3      | Killed Robin
  5875 | D:7      | Learned a level 3 spell: Dazzling Spray
  5879 | D:7      | Learned a level 3 spell: Tukima's Dance
  6198 | D:7      | Reached skill level 10 in Stealth
  6258 | D:7      | Noticed Pikel
  6280 | D:7      | Killed Pikel
  6280 | D:7      | Reached *** piety under Okawaru
  6280 | D:7      | Reached skill level 5 in Dodging
  6280 | D:7      | Reached XP level 9. HP: 64/64 MP: 5/15
  6299 | D:7      | Found a sparkling altar of Nemelex Xobeh.
  6495 | D:7      | Found a bloodstained altar of Trog.
  6599 | D:7      | Found a staircase to the Ecumenical Temple.
  6829 | D:8      | Reached **** piety under Okawaru
  6900 | D:8      | Reached skill level 5 in Short Blades
  6902 | D:8      | Found Gengeomn's Antique Weapon Boutique.
  6910 | D:8      | Bought an encrusted great sword for 322 gold pieces
  6910 | D:8      | Identified the +10 great sword of the Kidney {flame, Str+2} (You bought it in a shop on level 8 of the Dungeon)
  6982 | D:8      | Reached skill level 11 in Stealth
  7215 | D:8      | Reached skill level 1 in Throwing
  7249 | D:8      | Reached skill level 10 in Hexes
  7449 | D:8      | Noticed an orc knight
  7476 | D:8      | Killed an orc knight
  7476 | D:8      | Reached ***** piety under Okawaru
  7476 | D:8      | Reached XP level 10. HP: 53/71 MP: 2/16
  7681 | D:8      | Noticed an orc knight
  7681 | D:8      | Noticed an orc knight
  7909 | D:8      | Killed an orc knight
  7909 | D:8      | Reached skill level 12 in Stealth
  8061 | D:8      | Killed an orc knight
  8061 | D:8      | Received a gift from Okawaru
  8064 | D:8      | Got a pair of shimmering gloves {god gift}
  8076 | D:8      | Identified the +0 pair of gloves "Baddaosm" {rF+ Regen+ Str+4} (Okawaru gifted it to you on level 8 of the Dungeon)
  8314 | D:8      | Reached skill level 5 in Spellcasting
  8525 | D:9      | Found a basalt altar of Yredelemnul.
  8558 | D:9      | Reached skill level 5 in Long Blades
  9114 | D:9      | Found a sacrificial altar of Ru.
  9128 | D:9      | Found an oddly glowing altar of Pakellas.
  9147 | D:9      | Found a burning altar of Makhleb.
  9147 | D:9      | Found a radiant altar of Vehumet.
  9648 | D:9      | Found a staircase to the Orcish Mines.
  9711 | D:10     | Entered Level 10 of the Dungeon
  9803 | D:10     | Noticed an unseen horror
  9810 | D:10     | Killed an unseen horror
  9810 | D:10     | Reached skill level 13 in Stealth
  9810 | D:10     | Reached XP level 11. HP: 78/78 MP: 19/19
 10016 | D:10     | Reached skill level 5 in Fighting
 10280 | D:10     | Found a staircase to the Lair.
 10285 | D:10     | Noticed a death yak
 10785 | D:10     | Killed a death yak
 10785 | D:10     | Received a gift from Okawaru
 10785 | D:10     | Reached skill level 1 in Invocations
 11315 | D:11     | Noticed a purple ugly thing
 11329 | D:11     | Killed a purple ugly thing
 11329 | D:11     | Received a gift from Okawaru
 11438 | D:11     | Found a glowing golden altar of the Shining One.
 11531 | D:11     | Reached skill level 14 in Stealth
 11531 | D:11     | Reached skill level 1 in Shields
 11542 | D:11     | Noticed Urug
 11549 | D:11     | Killed Urug
 11790 | D:11     | Noticed an oklob plant
 11900 | D:11     | Identified the Catalogue of Nature
 11920 | D:11     | Killed an oklob plant
 12109 | D:12     | Noticed a centaur warrior
 12113 | D:12     | Killed a centaur warrior
 12113 | D:12     | Reached XP level 12. HP: 87/87 MP: 21/21
 12240 | D:12     | Reached ****** piety under Okawaru
 12331 | D:12     | Found a glowing golden altar of the Shining One.
 12481 | D:12     | Noticed an ettin
 12481 | D:12     | Noticed Maud
 12485 | D:12     | Killed an ettin
 12488 | D:12     | Noticed an ice dragon
 12488 | D:12     | Noticed a sphinx
 12654 | D:12     | Identified a scroll of acquirement
 12657 | D:12     | Got a pair of spiked boots
 12665 | D:12     | Identified the +2 pair of boots of Free Expression {rC+ Str-5 Stlth+} (You acquired it on level 12 of the Dungeon)
 12676 | D:12     | Killed an ice dragon
 12724 | D:12     | Received a gift from Okawaru
 12965 | D:12     | Paralysed by a sphinx for 5 turns
 13033 | D:13     | Found a gate to the Vaults.
 13033 | D:13     | Noticed Norris
 13258 | D:12     | Killed Maud
 13258 | D:12     | Reached skill level 15 in Stealth
 13560 | D:13     | Paralysed by Norris for 6 turns
 13567 | D:13     | Paralysed by Norris for 5 turns
 13572 | D:13     | Noticed an eight-headed hydra
 13617 | D:13     | Killed a six-headed hydra
 13631 | D:13     | Noticed a centaur warrior
 13689 | D:13     | Killed a centaur warrior
 13689 | D:13     | Reached skill level 5 in Throwing
 13802 | D:13     | Reached XP level 13. HP: 95/95 MP: 23/23
 14079 | D:13     | Received a gift from Okawaru
 14082 | D:13     | Got a colourful robe {god gift}
 14120 | D:13     | Identified the +0 robe of the World {rN+ Int+5} (Okawaru gifted it to you on level 13 of the Dungeon)
 14464 | D:13     | Paralysed by Norris for 6 turns
 14703 | D:14     | Noticed an angel
 14704 | D:14     | Found a glowing silver altar of Zin.
 14760 | D:14     | Noticed Rupert
 14774 | D:14     | Killed Rupert
 14990 | D:14     | Noticed Azrael
 15060 | D:14     | Reached skill level 16 in Stealth
 15467 | D:14     | Killed Azrael
 15467 | D:14     | Reached skill level 15 in Hexes
 15534 | D:15     | Entered Level 15 of the Dungeon
 15707 | D:15     | Noticed Kirke
 15770 | D:15     | Found a labyrinth entrance.
 15780 | Lab      | Entered a labyrinth
 16306 | Lab      | Noticed a minotaur
 16312 | Lab      | Killed a minotaur
 16338 | Lab      | Identified Sif Muna's Handbook of Orientation (You found it in a labyrinth)
 16560 | D:15     | Received a gift from Okawaru
 17351 | D:15     | Reached XP level 14. HP: 103/103 MP: 18/25
 17355 | D:15     | Reached skill level 5 in Invocations
 17741 | D:15     | Killed Kirke
 18023 | D:15     | Reached skill level 17 in Stealth
 18425 | D:15     | Identified a +0 rod of clouds (14/14) (You took it off a minotaur in a labyrinth)
 18433 | D:15     | Got an ancient leather armour
 18457 | D:15     | Identified the +0 leather armour "Odiseju" {rElec rCorr MP+9 Dex-3} (You found it on level 15 of the Dungeon)
 18633 | D:15     | Found a staircase to the Depths.
 18661 | Depths:1 | Entered Level 1 of the Depths
 18675 | Depths:1 | Noticed Louise
 18676 | Depths:1 | Found a one-way gate to the infinite horrors of the Abyss.
 18836 | D:14     | Received a gift from Okawaru
 19573 | D:15     | Killed Louise
 20055 | Lair:1   | Entered Level 1 of the Lair of Beasts
 20223 | Lair:1   | Learned a level 3 spell: Regeneration
 21206 | Lair:2   | Reached skill level 18 in Stealth
 21307 | Lair:2   | Learned a level 3 spell: Mephitic Cloud
 21414 | Lair:2   | Learned a level 4 spell: Fulminant Prism
 21690 | Lair:3   | Received a gift from Okawaru
 22160 | Lair:3   | Found a hole to the Spider Nest.
 23728 | Lair:4   | Noticed Nergalle
 23750 | Lair:4   | Killed Nergalle
 23952 | Lair:4   | Found an ancient bone altar of Kikubaaqudgha.
 23960 | Lair:4   | Reached XP level 15. HP: 110/110 MP: 27/27
 24294 | Lair:4   | Gained mutation: You tend to lose your temper in combat. [potion of mutation]
 24294 | Lair:4   | Gained mutation: Your flesh is heat resistant. [potion of mutation]
 24904 | Lair:5   | Noticed Josephine
 24926 | Lair:6   | Reached skill level 10 in Dodging
 25013 | Lair:6   | Found a radiant altar of Vehumet.
 25194 | Lair:6   | Got a pair of fine gloves
 25195 | Lair:6   | Identified the -3 pair of gloves of the Eternal Fruit {rC+ Str-2 Int+3 Dex+2} (You acquired it on level 6 of the Lair of Beasts)
 25521 | Lair:6   | Found a staircase to the Swamp.
 25577 | Lair:6   | Received a gift from Okawaru
 25604 | Lair:6   | Lost mutation: You tend to lose your temper in combat. [potion of cure mutation]
 25604 | Lair:6   | Lost mutation: Your flesh is heat resistant. [potion of cure mutation]
 26213 | Lair:7   | Learned a level 1 spell: Apportation
 26396 | Lair:7   | Received a gift from Okawaru
 26915 | Lair:8   | Entered Level 8 of the Lair of Beasts
 27050 | Lair:8   | Found a staircase to the Slime Pits.
 27050 | Lair:8   | Found a viscous altar of Jiyva.
 27085 | Lair:8   | Reached skill level 19 in Stealth
 28337 | Lair:8   | Received a gift from Okawaru
 29376 | Lair:5   | HP: 4/112 [four-headed hydra (5)]
 29783 | Lair:5   | Reached XP level 16. HP: 114/118 MP: 27/29
 29784 | Lair:5   | Reached skill level 1 in Charms
 29865 | Lair:5   | Received a gift from Okawaru
 30044 | Lair:5   | Killed Josephine
 30209 | Orc:1    | Entered Level 1 of the Orcish Mines
 30373 | Orc:1    | Received a gift from Okawaru
 30748 | Orc:2    | Entered Level 2 of the Orcish Mines
 30852 | Orc:2    | Found a staircase to the Elven Halls.
 30938 | Orc:1    | Found a bloodstained altar of Trog.
 31390 | Orc:2    | Received a gift from Okawaru
 31537 | Orc:2    | Noticed Saint Roka
 32222 | Orc:2    | Killed Saint Roka
 32222 | Orc:2    | Reached skill level 20 in Stealth
 32439 | Orc:2    | Found Haistrad's General Store.
 32440 | Orc:2    | Found Goas's Jewellery Shoppe.
 32441 | Orc:2    | Found Uzacw's Antique Armour Emporium.
 32441 | Orc:2    | Found Kahileg's Antique Weapon Emporium.
 32446 | Orc:2    | Bought a glowing blowgun for 52 gold pieces
 32458 | Orc:2    | Bought the +1 leather armour of Leaves {Regen+ Dex+6 SInv} for 492 gold pieces
 32458 | Orc:2    | Bought a scroll of identify for 32 gold pieces
 32458 | Orc:2    | Bought a scroll of identify for 32 gold pieces
 32458 | Orc:2    | Bought 6 needles of paralysis for 57 gold pieces
 32473 | Orc:2    | Bought the ring of the Invisible Hand {rElec rF+ rC+ MP+9 Int-5} for 426 gold pieces
 32473 | Orc:2    | Bought the cursed ring "Wokurilu" {rElec rF+ MR+ MP+9 EV-3} for 277 gold pieces
 32473 | Orc:2    | Bought an uncursed amulet of regeneration for 360 gold pieces
 32614 | Elf:1    | Entered Level 1 of the Elven Halls
 32908 | Elf:1    | Found a radiant altar of Vehumet.
 32943 | Elf:1    | Received a gift from Okawaru
 32953 | Elf:1    | Got an ichor-stained triple sword {god gift}
 32963 | Elf:1    | Identified the +8 triple sword "Secehuhe" {freeze, Dex+2 SInv} (Okawaru gifted it to you on level 1 of the Elven Halls)
 33013 | Elf:1    | Noticed Asterion
 33021 | Elf:1    | Killed Asterion
 33113 | Elf:1    | Noticed Agnes
 33139 | Elf:1    | Killed Agnes
 33193 | Elf:1    | Reached skill level 1 in Air Magic
 34035 | Elf:1    | Received a gift from Okawaru
 34409 | Elf:1    | Identified Famnotro's Catalogue of Blows and Bruises and Companions
 34413 | Elf:1    | Learned a level 2 spell: Song of Slaying
 34416 | Elf:1    | Learned a level 2 spell: Shroud of Golubria
 34561 | Elf:1    | Reached skill level 10 in Long Blades
 34641 | Elf:2    | Reached XP level 17. HP: 109/126 MP: 30/30
 34755 | Elf:2    | Received a gift from Okawaru
 35210 | Elf:2    | Got a spiked scale mail
 35242 | Elf:2    | Identified the +2 scale mail of Devotion {+Fly rF- rN++ Regen+} (You found it on level 2 of the Elven Halls)
 35324 | Elf:2    | Found a runed gate.
 35324 | Elf:2    | Found a runed gate.
 35324 | Elf:2    | Found a runed gate.
 35371 | Elf:2    | Found Jiukab's Gadget Shoppe.
 35585 | Elf:3    | Entered Level 3 of the Elven Halls
 36118 | Elf:3    | Noticed Nikola
 36187 | Elf:3    | Got a shimmering bone ring
 36262 | Elf:1    | Reached skill level 21 in Stealth
 36637 | Lair:3   | Reached skill level 10 in Spellcasting
 36804 | Swamp:1  | Entered Level 1 of the Swamp
 36891 | Swamp:1  | Identified the ring "Buol" {rN+ MR+ Int+3 Dex+7 Slay+2} (You found it on level 3 of the Elven Halls)
 37955 | Swamp:3  | Got a flickering marble ring
 37956 | Swamp:3  | Identified the ring of Iclen {*Tele Int+2} (You found it on level 3 of the Swamp)
 38672 | Swamp:4  | Entered Level 4 of the Swamp
 38676 | Swamp:4  | Gained mutation: You possess an exceptional clarity of mind. [potion of mutation]
 38676 | Swamp:4  | Gained mutation: You have large cloven feet. [potion of mutation]
 38676 | Swamp:4  | Gained mutation: You have hoof-like feet. [potion of mutation]
 39111 | Swamp:4  | Received a gift from Okawaru
 39111 | Swamp:4  | Reached skill level 5 in Shields
 39212 | Swamp:4  | Reached skill level 5 in Charms
 39824 | Swamp:4  | Reached skill level 10 in Fighting
 39867 | Swamp:4  | Got a decaying rune of Zot
 40147 | Spider:1 | Entered Level 1 of the Spider Nest
 40363 | Spider:1 | Reached XP level 18. HP: 134/134 MP: 32/32
 40496 | Spider:1 | Learned a level 6 spell: Darkness
 41203 | Spider:2 | Noticed Frances
 41263 | Spider:2 | Noticed Arachne
 41323 | Spider:2 | Killed Arachne
 41493 | Spider:2 | Killed Frances
 41493 | Spider:2 | Reached skill level 22 in Stealth
 41544 | Spider:2 | Received a gift from Okawaru
 41683 | Spider:2 | Got a bloodstained ring mail
 41684 | Spider:2 | Identified the +2 ring mail of Jiakeg {rElec rN+ Int+4} (You found it on level 2 of the Spider Nest)
 42153 | Spider:3 | Got a spiked cloak
 42164 | Spider:3 | Identified the +2 cloak of the World {-Tele rElec rN++ Str+2} (You acquired it on level 3 of the Spider Nest)
 42165 | Spider:3 | Noticed braveplatypus's ghost (adept OgFi)
 42179 | Spider:3 | Killed braveplatypus's ghost
 43008 | Spider:4 | Entered Level 4 of the Spider Nest
 43910 | Spider:4 | Received a gift from Okawaru
 44158 | Spider:4 | Received a gift from Okawaru
 44455 | Spider:4 | Reached XP level 19. HP: 127/142 MP: 33/33
 44678 | Spider:4 | Received a gift from Okawaru
 45287 | Spider:4 | Received a gift from Okawaru
 45294 | Spider:4 | Got a jewelled hat {god gift}
 45307 | Spider:4 | Identified the +1 hat of Duynyral {+Blink rF- Str+2 Slay+2} (Okawaru gifted it to you on level 4 of the Spider Nest)
 45353 | Spider:4 | Reached skill level 23 in Stealth
 45420 | Spider:4 | Got a gossamer rune of Zot
 45835 | Vaults:1 | Entered Level 1 of the Vaults
 46130 | Vaults:1 | Found Paskaxir's Antique Armour Boutique.
 46964 | Vaults:2 | Gained mutation: You passively map a small area around you. [potion of mutation]
 46964 | Vaults:2 | Gained mutation: Your mind is acute. (Int +2) [potion of mutation]
 46964 | Vaults:2 | Gained mutation: You tend to lose your temper in combat. [potion of mutation]
 47179 | Vaults:2 | Found Oruvion's Armour Shop.
 47572 | Vaults:2 | Got a twisted long sword
 47573 | Vaults:2 | Identified the +11 long sword of Indomitability {freeze, Str+3} (You found it on level 2 of the Vaults)
 47795 | Vaults:2 | Received a gift from Okawaru
 47810 | Vaults:2 | Got a shimmering double sword {god gift}
 47812 | Vaults:2 | Identified the +7 double sword of Okawaru's Hope {flame, Int+7} (Okawaru gifted it to you on level 2 of the Vaults)
 48621 | Vaults:2 | Received a gift from Okawaru
 48726 | Vaults:2 | Noticed a lich
 48733 | Vaults:2 | Killed a lich
 48733 | Vaults:2 | Reached XP level 20. HP: 150/150 MP: 35/35
 49016 | Vaults:2 | Received a gift from Okawaru
 49213 | Vaults:2 | Noticed Mennas
 49323 | Vaults:2 | Killed Mennas
 49323 | Vaults:2 | Received a gift from Okawaru
 49742 | Vaults:3 | Reached skill level 24 in Stealth
 50031 | Vaults:3 | Received a gift from Okawaru
 50129 | Vaults:2 | Received a gift from Okawaru
 50277 | Vaults:2 | HP: 3/151 [yaktaur captain (32)]
 50455 | Vaults:3 | Received a gift from Okawaru
 50678 | Vaults:3 | Found a staircase to the Crypt.
 51982 | Vaults:4 | Received a gift from Okawaru
 52034 | Vaults:4 | Noticed Frederick
 52042 | Vaults:4 | Killed Frederick
 52057 | Vaults:4 | Received a gift from Okawaru
 52362 | Vaults:4 | Reached XP level 21. HP: 111/158 MP: 25/37
 52502 | Vaults:4 | Noticed Xtahua
 52695 | Vaults:4 | Received a gift from Okawaru
 52739 | Vaults:4 | Killed Xtahua
 53248 | Vaults:4 | Received a gift from Okawaru
 53715 | D:5      | Bought a book of Spatial Translocations for 780 gold pieces
 53715 | D:5      | Bought a manual of Throwing for 1324 gold pieces
 53715 | D:5      | Bought a book of Minor Magic for 240 gold pieces
 53722 | D:5      | Learned a level 2 spell: Repel Missiles
 53727 | D:5      | Learned a level 4 spell: Passage of Golubria
 53730 | D:5      | Learned a level 2 spell: Blink
 54292 | Elf:3    | Reached skill level 25 in Stealth
 54440 | Elf:3    | Killed Nikola
 54440 | Elf:3    | Reached skill level 10 in Charms
 54919 | Elf:3    | Received a gift from Okawaru
 55259 | Elf:3    | Received a gift from Okawaru
 55440 | Elf:3    | Got a coiled marble ring
 55725 | Elf:3    | Received a gift from Okawaru
 55725 | Elf:3    | Reached skill level 1 in Translocations
 56082 | Elf:3    | Got a vibrating zirconium amulet
 56092 | Elf:3    | Identified the ring "Ymouq" {rElec MR+ Slay+3} (You took it off a deep elf sorcerer on level 3 of the Elven Halls)
 56095 | Elf:3    | Identified the amulet "Kimnaheh" {Harm *Drain +Inv rElec rN++ Str-3} (You took it off a deep elf death mage on level 3 of the Elven Halls)
 56301 | Elf:3    | Identified the Volume of Battle Magic
 56304 | Elf:3    | Identified Sif Muna's Incunabulum of the Boosting Escort
 56712 | Depths:1 | Noticed namelastname112's ghost (journeyman DrBe)
 56828 | Depths:1 | Killed namelastname112's ghost
 56916 | Depths:1 | Found a gateway to Hell.
 56936 | Depths:1 | Found Xiwi's General Store.
 56944 | Depths:1 | Bought a scroll of teleportation for 36 gold pieces
 56965 | Depths:1 | Received a gift from Okawaru
 57000 | Depths:1 | Noticed Jorgrun
 57008 | Depths:1 | Killed Jorgrun
 57178 | Depths:1 | Reached skill level 10 in Throwing
 57232 | Depths:1 | Received a gift from Okawaru
 57335 | Depths:1 | Reached XP level 22. HP: 166/166 MP: 38/38
 57359 | Depths:1 | Found a runed door.
 57402 | Depths:1 | Got a flickering platinum amulet
 57435 | Depths:1 | Found a gateway to a ziggurat.
 57641 | Depths:1 | Received a gift from Okawaru
 57651 | Depths:1 | Reached skill level 26 in Stealth
 57657 | Depths:1 | Got a transparent scimitar {god gift}
 57659 | Depths:1 | Identified the +4 scimitar "Detzitwe" {antimagic, +Inv rC- Str+4} (Okawaru gifted it to you on level 1 of the Depths)
 58190 | Depths:1 | Received a gift from Okawaru
 58355 | Depths:2 | Got a slimy bone amulet
 58955 | Depths:2 | Noticed a caustic shrike
 59377 | Depths:2 | Killed a caustic shrike
 59465 | Depths:2 | Found a one-way gate leading to the halls of Pandemonium.
 59951 | Depths:3 | Received a gift from Okawaru
 60165 | Depths:3 | Identified the amulet "Tucwuipu" {Faith +Blink rElec rF- rC++} (You found it on level 1 of the Depths)
 60316 | Depths:3 | Learned a level 6 spell: Invisibility
 60400 | Depths:3 | Received a gift from Okawaru
 60521 | Depths:3 | Found a roughly hewn altar of Beogh.
 60522 | Depths:3 | Noticed Aizul
 60555 | Depths:3 | Killed Aizul
 61023 | Depths:3 | Received a gift from Okawaru
 61561 | Depths:4 | Identified the amulet "Kiumat" {Harm *Drain Dex+3} (You took it off a boggart on level 2 of the Depths)
 61585 | Depths:4 | Noticed Boris
 61701 | Depths:3 | Reached XP level 23. HP: 174/174 MP: 27/40
 62111 | Depths:4 | Noticed Margery
 62397 | Depths:4 | Found a runed gate.
 62397 | Depths:4 | Found a runed gate.
 62397 | Depths:4 | Found a runed gate.
 62673 | Depths:4 | Killed Boris
 62731 | Depths:4 | Reached skill level 27 in Stealth
 62905 | Depths:4 | Noticed a caustic shrike
 63024 | Depths:4 | Found a runed gate.
 63024 | Depths:4 | Found a runed gate.
 63024 | Depths:4 | Found a runed gate.
 63267 | Depths:5 | Entered Level 5 of the Depths
 63319 | Depths:5 | Found a snail-covered altar of Cheibriados.
 63514 | Depths:4 | Noticed the Enchantress
 63543 | Depths:4 | Received a gift from Okawaru
 63774 | Depths:4 | Received a gift from Okawaru
 64094 | Depths:4 | Reached skill level 1 in Armour
 64165 | Depths:4 | Killed the Enchantress
 64165 | Depths:4 | Reached skill level 5 in Translocations
 64194 | Depths:4 | Got a faerie dragon armour
 64209 | Depths:4 | Identified the +2 faerie dragon armour {MP+9} (You took it off the Enchantress on level 4 of the Depths)
 64328 | Depths:4 | Received a gift from Okawaru
 64331 | Depths:4 | Got a pair of dazzling boots {god gift}
 64342 | Depths:4 | Identified the +0 pair of boots of the Good {MP+9} (Okawaru gifted it to you on level 4 of the Depths)
 64481 | Depths:1 | Learned a level 3 spell: Spectral Weapon
 65020 | Depths:4 | Killed a caustic shrike
 65020 | Depths:4 | Reached skill level 15 in Dodging
 65253 | Depths:4 | Identified the Papyrus of the Gardener
 65257 | Depths:4 | Identified the Papyrus of Calling and Translocation
 65276 | Depths:4 | Learned a level 6 spell: Deflect Missiles
 65351 | Depths:4 | Killed Margery
 66290 | Depths:5 | Reached XP level 24. HP: 102/184 MP: 40/40
 66406 | Depths:5 | Received a gift from Okawaru
 66874 | Depths:5 | Found a gate to the Realm of Zot.
 66933 | Depths:5 | Noticed a juggernaut
 67655 | Depths:5 | Killed a juggernaut
 67792 | Depths:4 | Voluntarily entered the Abyss.
 68589 | Abyss:1  | Found a bloodstained altar of Trog.
 68763 | Abyss:2  | Found a corrupted altar of Lugonu.
 68802 | Abyss:2  | Gained mutation: Your spells are a little harder to cast, but a little more powerful. [potion of beneficial mutation]
 68855 | Abyss:2  | Paralysed by an apocalypse crab for 3 turns
 69240 | Abyss:4  | Got a slimy silver amulet
 69257 | Abyss:4  | Got an abyssal rune of Zot
 69335 | Depths:4 | Escaped the Abyss
 69408 | Zot:1    | Entered Level 1 of the Realm of Zot
 69422 | Zot:1    | Reached skill level 5 in Air Magic
 69818 | Zot:2    | Received a gift from Okawaru
 69849 | Zot:2    | Got a fine double sword {god gift}
 69866 | Zot:2    | Identified the +8 double sword "Raisin" {freeze, MR+ Str-5 Int+4} (Okawaru gifted it to you on level 2 of the Realm of Zot)
 70186 | Zot:5    | Entered Level 5 of the Realm of Zot
 70475 | Zot:5    | Identified the amulet "Ezoiric" {RegenMP Fragile rN+ Str+2} (You found it on level 4 of the Abyss)
 70727 | Zot:5    | Received a gift from Okawaru
 70788 | Zot:5    | Received a gift from Okawaru
 70791 | Zot:5    | Got a pair of dazzling boots {god gift}
 70806 | Zot:5    | Identified the +5 pair of boots "Etijyjof" {rF+ rCorr MP-9 SInv} (Okawaru gifted it to you on level 5 of the Realm of Zot)
 70919 | Zot:5    | Reached XP level 25. HP: 175/192 MP: 33/40
 70988 | Zot:5    | Noticed an orb of fire
 70989 | Zot:5    | Lost mutation: Your spells are a little harder to cast, but a little more powerful. [an orb of fire]
 71003 | Zot:5    | Gained mutation: Your magical capacity is low (-10% MP). [an orb of fire]
 71049 | Zot:5    | Noticed an orb of fire
 71052 | Zot:5    | Gained mutation: Your spells are a little harder to cast, but a little more powerful. [an orb of fire]
 71062 | Zot:5    | Gained mutation: You expend magic power (3 MP) to strengthen your wands. [an orb of fire]
 71077 | Zot:5    | Killed an orb of fire
 71094 | Zot:5    | Gained mutation: You are frail (-10% HP). [an orb of fire]
 71097 | Zot:5    | Gained mutation: Armour fits poorly on your strangely shaped body. [an orb of fire]
 71109 | Zot:5    | Noticed an orb of fire
 71110 | Zot:5    | Got the Orb of Zot
 71110 | Zot:5    | Slain by an Orb Guardian

Skill      XL: |  1  2  3  4  5  6  7  8  9 10 11 12 13 14 15 16 17 18 19 20 21 22 23 24 25 |
---------------+----------------------------------------------------------------------------+-----
Hexes          | 5 6 7 8 9 10 11 13 14 15 16 17 18 19 20 21 22 23 24 25 | 25.9
Stealth        | 5 6 7 8 10 11 13 14 15 16 18 19 20 21 22 23 24 25 26 27 | 27.0
Fighting       | 1 2 3 4 5 6 7 8 9 10 11 12 13 14 | 14.5
Short Blades   | 2 3 4 5 |  5.0
Long Blades    | 1 2 3 4 5 6 7 8 9 10 11 12 13 14 | 14.5
Dodging        | 3 4 5 6 7 8 9 10 11 12 13 14 15 | 15.7
Spellcasting   | 3 4 5 6 7 8 9 10 11 12 13 14 | 14.0
Throwing       | 1 3 4 5 6 7 8 9 10 11 12 13 | 13.2
Invocations    | 2 3 4 6 7 |  7.4
Shields        | 1 3 4 5 6 |  6.6
Charms         | 3 5 7 8 9 10 11 | 11.3
Air Magic      | 2 3 6 |  6.5
Translocations | 2 4 5 6 |  6.4
Armour         | 2 4 |  4.6

Action                   |  1- 3 |  4- 6 |  7- 9 | 10-12 | 13-15 | 16-18 | 19-21 | 22-24 | 25-27 || total
-------------------------+-------+-------+-------+-------+-------+-------+-------+-------+-------++-------
Melee: Dagger            |    68 |   187 |   365 |   527 |   664 |   481 |   357 |   101 |       ||  2750
       Bite              |     2 |     7 |    23 |    83 |   170 |   257 |   399 |   359 |    16 ||  1316
       Great sword       |       |       |     4 |   176 |   681 |    44 |       |       |       ||   905
       Unarmed           |       |       |       |       |     7 |       |       |       |       ||     7
       Punch             |       |       |       |       |     1 |       |       |       |       ||     1
       Demon blade       |       |       |       |       |       |  1418 |   508 |   176 |    50 ||  2152
       Kick              |       |       |       |       |       |    37 |       |       |       ||    37
       Double sword      |       |       |       |       |       |       |   890 |   970 |     4 ||  1864
       Rapier            |       |       |       |       |       |       |       |   423 |       ||   423
       Quick blade       |       |       |       |       |       |       |       |   145 |       ||   145
 Fire: Blowgun           |       |       |       |       |       |    11 |     7 |    27 |       ||    45
Throw: Throwing net      |       |       |       |       |     5 |     1 |       |     1 |       ||     7
 Cast: Ensorcelled Hiber |     5 |    14 |    56 |    50 |   117 |    95 |    80 |    56 |       ||   473
       Confuse           |       |     9 |    27 |    74 |    92 |   155 |   113 |   222 |       ||   692
       Tukima's Dance    |       |       |     6 |    24 |    19 |    30 |    60 |    77 |       ||   216
       Dazzling Spray    |       |       |       |    23 |    36 |   118 |   101 |   136 |       ||   414
       Fulminant Prism   |       |       |       |       |    20 |    13 |       |       |       ||    33
       Mephitic Cloud    |       |       |       |       |    29 |     2 |       |       |       ||    31
       Corona            |       |       |       |       |     1 |       |       |       |       ||     1
       Regeneration      |       |       |       |       |       |    17 |     4 |    33 |     3 ||    57
       Apportation       |       |       |       |       |       |     1 |       |     3 |     1 ||     5
       Darkness          |       |       |       |       |       |     6 |     1 |     6 |       ||    13
       Blink             |       |       |       |       |       |       |    10 |    15 |       ||    25
       Repel Missiles    |       |       |       |       |       |       |     2 |     5 |       ||     7
       Invisibility      |       |       |       |       |       |       |       |     5 |       ||     5
       Shroud of Golubri |       |       |       |       |       |       |       |     2 |       ||     2
       Song of Slaying   |       |       |       |       |       |       |       |     1 |       ||     1
       Spectral Weapon   |       |       |       |       |       |       |       |    34 |     4 ||    38
       Passage of Golubr |       |       |       |       |       |       |       |     5 |       ||     5
       Deflect Missiles  |       |       |       |       |       |       |       |     1 |     1 ||     2
Invok: Heroism           |       |       |       |     2 |    13 |     4 |     8 |     9 |       ||    36
       Finesse           |       |       |       |       |     2 |       |     2 |     3 |       ||     7
 Abil: End Transformatio |       |       |       |       |       |     1 |       |       |       ||     1
       Bat Form          |       |       |       |       |       |     1 |       |       |       ||     1
Evoke: Wand              |       |       |       |    13 |    17 |    10 |     7 |    16 |       ||    63
       Rod               |       |       |       |       |    23 |     8 |     6 |     5 |       ||    42
       Lamp of fire      |       |       |       |       |     1 |     1 |     1 |       |       ||     3
       Fan of gales      |       |       |       |       |       |       |     1 |       |       ||     1
  Use: Scroll            |       |    11 |     5 |    15 |    28 |    24 |    10 |    28 |     3 ||   124
       Potion            |       |     4 |     1 |     3 |    15 |     7 |     4 |     4 |     1 ||    39
 Stab: Sleeping          |    15 |    30 |    45 |    63 |   138 |   169 |   104 |    71 |       ||   635
       Confused          |       |     4 |    17 |    30 |    68 |    81 |    76 |   117 |       ||   393
       Distracted        |       |       |     1 |     1 |     8 |    19 |    21 |    28 |     2 ||    80
       Invisible         |       |       |       |     5 |    11 |    34 |    49 |    46 |       ||   145
       Paralysed         |       |       |       |       |       |     8 |     1 |     3 |       ||    12
  Eat: Corpse            |    10 |    12 |    26 |    44 |    73 |    61 |    66 |    66 |     1 ||   359
Armor: Robe              |    26 |    44 |    36 |    92 |   168 |    40 |       |       |       ||   406
       Skin              |       |       |    17 |       |       |       |       |       |       ||    17
       Leather armour    |       |       |       |       |       |   205 |   177 |   189 |       ||   571
Dodge: Dodged            |    43 |   123 |   124 |   381 |   939 |  1277 |  1366 |  1231 |    29 ||  5513
       Deflected         |       |       |       |       |       |       |     7 |    53 |    10 ||    70
Block: Buckler           |       |       |       |       |       |   691 |   816 |   612 |    16 ||  2135
